 Dungeon Crawl Stone Soup version 0.31-a0-221-gbddc013574 (webtiles) character file.

Game seed: 17578386119969686139

65 qw the Chopper (level 4, -2/28 HPs)
             Began as a Gargoyle Fighter on July 4, 2023.
             Slain by Natasha (3 damage)
             ... on level 2 of the Dungeon.
             The game lasted 00:00:31 (1056 turns).

qw the Chopper (Gargoyle Fighter)                   Turns: 1056, Time: 00:00:32

Health: -2/28      AC: 13    Str: 22    XL:     4   Next: 14%
Magic:  4/4        EV:  8    Int:  8    God:
Gold:   70         SH:  4    Dex:  9    Spells: 3/3 levels left

rFire   . . .        Y - +0 war axe
rCold   . . .        c - +0 buckler
rNeg    + . .        g - +0 chain mail
rPois   inf          (no helmet)
rElec   +            i - +0 cloak
rCorr   .            (no gloves)
SInv    .            (no boots)
Will    .....        (no amulet) Stlth
                     (no ring)
HPRegen 0.24/turn    (no ring)
MPRegen 0.09/turn

%: no passive effects
@: no status effects
A: sickness immunity, AC +3, negative energy resistance 1, electricity
resistance, torment resistance 1, petrification resistance
a: no special abilities


You were on level 2 of the Dungeon.
You visited 1 branch of the dungeon, and saw 2 of its levels.

You collected 70 gold pieces.


Innate Abilities, Weirdness & Mutations

You are immune to sickness and miasma.
Your stone body is resilient. (AC +3)
You are immune to poison.
You resist negative energy. (rN+)
You are resistant to electric shocks. (rElec)
You are resistant to unholy torment.
You are immune to petrification.


   Skills:
 - Level 3.2 Fighting
 + Level 3.9 Axes
 - Level 3.2 Armour
 - Level 3.2 Shields


You had 3 spell levels left.
You didn't know any spells.
Your spell library was empty.

Inventory:

Hand Weapons
 Y - a +0 war axe (weapon)
Armour
 c - a +0 buckler (worn)
 g - a +0 chain mail (worn)
 i - a +0 cloak (worn)
Scrolls
 a - a scroll of identify
Potions
 d - a potion of might
 e - 2 potions of enlightenment
 f - a potion of brilliance {unknown}

Dungeon Overview and Level Annotations

Branches:
Dungeon (2/15)

Altars:

Annotations:
D:2 Natasha


Message History

The cerulean imp hits you but does no damage.
The cerulean imp completely misses you.
You barely miss Natasha.
Natasha is almost dead.
You closely miss the cerulean imp.
The cerulean imp disappears in a puff of smoke!
Natasha casts a spell at you. You resist with some effort.
The cerulean imp hits you but does no damage.
Natasha casts a spell at you. The magic dart hits you.
You block the cerulean imp's attack. x2
You barely miss Natasha.
Natasha is almost dead.
You closely miss the cerulean imp. You block Natasha's attack.
The cerulean imp barely misses you. Natasha misses you.
The cerulean imp hits you but does no damage.
You closely miss Natasha.
Natasha is almost dead.
You miss the cerulean imp. Natasha claws you.
The cerulean imp closely misses you. The cerulean imp barely misses you.
Natasha claws you but does no damage.
You barely miss Natasha.
Natasha is almost dead.
You barely miss the cerulean imp.
The cerulean imp disappears in a puff of smoke!
Natasha stares at you and mumbles some strange words.
The magic dart hits you.
The cerulean imp hits you from afar with a +2 spear.
Natasha claws you but does no damage.
You hit Natasha.
Natasha is almost dead.
Natasha claws you but does no damage. You block the cerulean imp's attack.
Natasha claws you but does no damage. The cerulean imp barely misses you.
You hit Natasha but do no damage.
Natasha is almost dead.
Natasha casts a spell at you.
The magic dart hits you but does no damage.
The cerulean imp barely misses you. Natasha claws you.
You die...

##########
#(........
#######..<......
#....##.........
#.##............
###.####..........
###.................
#5%@#.#####.........
#...h##.# #..[......
#.... #.# #.........
#.... ... ##########
...### #.. ..#. #.##
. # #.#


You could see Natasha (fast) and a cerulean imp (summoned).

Vanquished Creatures
  Terence (D:1)
  An adder (D:2)
  A dart slug (D:1)
  A ball python (D:1)
  2 bats (D:1)
  3 endoplasms
  2 giant cockroaches (D:1)
  3 goblins (D:1)
  3 hobgoblins
  2 jackals (D:1)
  3 quokkas
  4 rats
26 creatures vanquished.

Notes
Turn   | Place    | Note
-------+----------+-------------------------------------------
     0 | D:1      | qw the Gargoyle Fighter began the quest for the Orb.
     0 | D:1      | Reached XP level 1. HP: 14/14 MP: 1/1
     0 | D:1      | 0 ||| qw: Version: 0.3-a-40-ge99b1a8
     0 | D:1      | 0 ||| qw: Game counter: 664
     0 | D:1      | 0 ||| qw: Melee chars always use a shield: true
     0 | D:1      | 0 ||| qw: God list: Okawaru
     0 | D:1      | 0 ||| qw: Allow faded altars: false
     0 | D:1      | 0 ||| qw: Do Orc after clearing Dungeon:15 true
     0 | D:1      | 0 ||| qw: Do second Lair branch before Depths: true
     0 | D:1      | 0 ||| qw: Lair rune preference: random
     0 | D:1      | 0 ||| qw: Goals: Normal, Zot:1-4, Slime:5, God:TSO, Crypt,
                  | Tomb, Abyss, Pan, Hells, Win
     0 | D:1      | 0 ||| PLANNING D:1-11
    74 | D:1      | 74 ||| Stepping ~*~*~tactically~*~*~ (hiding).
    75 | D:1      | 75 ||| Stepping ~*~*~tactically~*~*~ (hiding).
    76 | D:1      | 76 ||| Stepping ~*~*~tactically~*~*~ (hiding).
    77 | D:1      | 77 ||| Stepping ~*~*~tactically~*~*~ (hiding).
   199 | D:1      | Reached XP level 2. HP: 19/19 MP: 2/2
   539 | D:1      | Reached skill level 3 in Axes
   637 | D:1      | Reached XP level 3. HP: 23/23 MP: 3/3
   911 | D:1      | 911 ||| UPGRADING to +0 chain mail.
   921 | D:1      | 921 ||| DROPPING +0 scale mail.
   922 | D:1      | 922 ||| UPGRADING to +0 cloak.
   927 | D:1      | 927 ||| DROPPING scarf of shadows.
   928 | D:1      | 928 ||| READING 2 scrolls labelled LEUSIWNOAR.
   929 | D:1      | 929 ||| READING scroll labelled LAGARA NOPEPAO.
   932 | D:1      | 932 ||| READING scroll labelled PIG CON QYETH.
   933 | D:1      | 933 ||| DRINKING 3 golden potions.
   938 | D:2      | Noticed Terence
   947 | D:2      | 947 ||| STAIRDANCE
   953 | D:1      | Killed Terence
  1037 | D:2      | Noticed Natasha
  1046 | D:2      | Reached XP level 4. HP: 23/28 MP: 4/4
  1053 | D:2      | HP: 5/28 [Natasha (4)]
  1054 | D:2      | HP: 1/28 [cerulean imp/+2 spear[Natasha] (3)]
  1056 | D:2      | Slain by Natasha

Levels and vault maps discovered:
D:1:      lightli_arrival_statuegarden, layout_loops_ring,
          minmay_tree_intersection, minmay_crystal_water
D:2:      layout_rooms, hellmonk_ecumenical_altar_run_dry,
          dreamdust_princess_bridge, minmay_rat_hole, uniq_terence, uniq_natasha

Skill      XL: |  1  2 |
---------------+-------+-----
Axes           | 2 3 |  3.9
Fighting       | |  3.2
Armour         | |  3.2
Shields        | |  3.2

Action                     |  1- 3 |  4- 6 || total
---------------------------+-------+-------++-------
  Melee: War axe           |    74 |    11 ||    85
    Use: Scroll            |     3 |       ||     3
         Potion            |     1 |       ||     1
 Armour: Scale mail        |    27 |       ||    27
         Chain mail        |    21 |    19 ||    40
  Dodge: Dodged            |    29 |    14 ||    43
  Block: Buckler           |    12 |     9 ||    21

Table legend:
 A = Non-vault XP
 B = Vault XP
 C = Vault XP percentage of total XP
 D = Non-vault monster count
 E = Vault monster count
 F = Vault count percentage of total count
                 A         B        C        D         E       F
            +---------+---------+-------+---------+---------+-------
      Total |      58 |      36 |  38.3 |      25 |       1 |   3.8
            +---------+---------+-------+---------+---------+-------
        D:1 |      38 |      36 |  48.6 |      20 |       1 |   4.8
        D:2 |      20 |       0 |   0.0 |       5 |       0 |   0.0
            +---------+---------+-------+---------+---------+-------
